 Dungeon Crawl Stone Soup version 0.31-a0-1603-gbec6b6ccbf (webtiles) character file.

Game seed: 6542034909872802001

769 jasper the Mimic (level 7, -4/39 HPs)
             Began as a Spriggan Shapeshifter on Jan 7, 2024.
             Was an Initiate of Makhleb.
             Slain by an ogre
             ... wielding a +0 giant spiked club
              (33 damage)
             ... on level 5 of the Dungeon.
             The game lasted 00:06:12 (3771 turns).

jasper the Mimic (Spriggan Shapeshifter)            Turns: 3771, Time: 00:06:12

Health: -4/39      AC:  9    Str: 15    XL:     7   Next: 52%
Magic:  8/8        EV: 11    Int: 11    God:    Makhleb [......]
Gold:   228        SH:  5    Dex: 17    Spells: 6/6 levels left

rFire   . .          .
                       - Unarmed
rCold   + . .        (shield currently unavailable)
rNeg    . . .        a - melded +0 animal skin
rPois   +            (helmet currently unavailable)
rElec   .            (cloak currently unavailable)
rCorr   .            (gloves unavailable)
SInv    +            (boots unavailable)
Will    +....        g - amulet of reflection
Stlth   ++           l - +4 ring of slaying
HPRegen 0.26/turn    s - ring of Qapibb {rC+ Slay+3}
MPRegen 0.11/turn

%: reflection
@: snake-form
A: constrict, boosted hp, large, no large weapons, unfitting armour, see
invisible, (speed 3)
a: Begin Untransformation, Renounce Religion


You were on level 5 of the Dungeon.
You worshipped Makhleb.
Makhleb was noncommittal.
You were an enormous serpent.
You visited 1 branch of the dungeon, and saw 5 of its levels.

You collected 228 gold pieces.

Inventory:

Missiles
 h - 3 stones (quivered)
Armour
 a - a +0 animal skin (melded)
 t - a +2 robe of willpower
Jewellery
 e - a ring of ice
 g - an amulet of reflection (around neck)
 l - a +4 ring of slaying (left hand)
 n - a +6 ring of dexterity
 s - the ring of Qapibb (right hand) {rC+ Slay+3}
   (You found it on level 5 of the Dungeon)

   [ring of protection from cold]

   Slay+3:    It affects your accuracy & damage with ranged weapons and melee
   (+3).
   rC+:       It protects you from cold.
Talismans
 c - a beast talisman
 d - a flux talisman
 k - a blade talisman
 r - a serpent talisman (active)
Scrolls
 f - a scroll of vulnerability
 j - a scroll of immolation
 q - a scroll of revelation
Potions
 b - 2 potions of lignification
 i - a potion of magic {unknown}
 m - 2 potions of curing
 o - a potion of degeneration {unknown}
 p - 2 potions of might {unknown}


   Skills:
 + Level 1.3 Fighting
 + Level 3.3 Dodging
 + Level 2.9 Unarmed Combat
 + Level 10.3 Shapeshifting


You had 6 spell levels left.
You didn't know any spells.
Your spell library contained the following spells:

 Spells                   Type           Power      Damage    Failure   Level
 Magic Dart               Conj           0%         1d3       34%         1
 Sting                    Conj/Alch      0%         1d3       34%         1
 Blink                    Tloc           0%         N/A       47%         2
 Call Imp                 Summ           0%         N/A       47%         2
 Mercury Vapours          Alch/Air       0%         N/A       47%         2
 Dazzling Flash           Conj/Hex       0%         N/A       71%         3
 Gell's Gravitas          Tloc           0%         N/A       71%         3
 Inner Flame              Hex/Fire       0%         N/A       71%         3
 Teleport Other           Tloc           0%         N/A       71%         3
 Volatile Blastmotes      Fire/Tloc      0%         2d10      71%         3
 Olgreb's Toxic Radiance  Alch           0%         N/A       98%         4
 Irradiate                Conj/Alch      0%         3d11      100%        5
 Dispersal                Tloc           0%         N/A       100%        6
 Starburst                Conj/Fire      0%         6d3       100%        6
 Ignition                 Fire           0%         3d3       100%        8
 Maxwell's Capacitive Co  Air            0%         ∞         100%        8
 Chain Lightning          Conj/Air       0%         N/A       100%        9
 Fire Storm               Conj/Fire      0%         5d1       100%        9
 Shatter                  Erth           0%         3d5*      100%        9


Dungeon Overview and Level Annotations

Branches:
Dungeon (5/15)
 Temple: D:4-7

Altars:
Makhleb
Xom

Annotations:
D:3 2 runed translucent doors, DeathSocks's ghost, amateur MfGl
D:4 exclusion: ogre


Innate Abilities, Weirdness & Mutations

You are an enormous serpent.
You have a powerful constriction melee attack.
Your maximum health is increased.
Your armour is entirely melded.
You are incapable of wielding weapons or throwing items.
You are very small and have problems with some larger weapons.
You are too small for most types of armour.
You have supernaturally acute eyesight. (SInv)
((You cover ground extremely quickly. (Speed+++)))


Message History

There is an open door here.
You see here a +0 sling.
An adder comes into view.
The adder hisses angrily.
An adder is nearby!
You hit the adder. Your grab misses the adder.
The adder is moderately wounded.
The adder bites you but does no damage.
You closely miss the adder. Your grab misses the adder.
The adder is moderately wounded.
The adder bites you but does no damage.
You completely miss the adder. You grab the adder.
The adder is moderately wounded.
You constrict the adder.
The adder bites you but does no damage. x2
You body-slam the adder!!
You kill the adder!
Makhleb accepts your kill.
Okay, then.
An ogre comes into view. It is wielding a +0 giant spiked club.
An ogre is nearby!
The ogre shouts!
You hear a shout!
An orc comes into view. It is wielding a +0 war axe.
An orc comes into view. It is wielding a +0 hand axe.
An orc wizard and an orc come into view.
Found a scroll of revelation and a scroll of teleportation.
An orc comes into view. It is wielding a +0 flail.
The ogre hits you with a +0 giant spiked club!
The orc wizard mumbles some strange words.
The orc wizard flickers and vanishes for a moment.
The orc shouts!
You take 11 damage, and have 28/39 hp.
MASSIVE DAMAGE!!
You lash the ogre! You grab the ogre.
The ogre is moderately wounded.
You constrict the ogre. You block the ogre's attack.
You lash the ogre!
The ogre is severely wounded.
You constrict the ogre.
The ogre hits you with a +0 giant spiked club!!
Ouch! That really hurt!
You die...

....[..# #.#........#
.......###.#........#
.........#.#...######
.....................
.......###....<######
.......# #....#####
...[...# #.........
######## #...#########
......## #.#...OS....#
.......# #.#..o#####.#
.......# #.###..#
.......# #.#..........
.......###.#....o...?.
...........#......o...
......######.....oo.o.
.###### #.......... ##
#......?...


You could see an ogre and an orc.

Vanquished Creatures
  An ice beast (D:5)
  A black bear (D:5)
  2 phantoms
  A scorpion (D:5)
  A bombardier beetle (D:4)
  A crimson imp (D:4)
  2 hounds (D:5)
  2 iguanas (D:5)
  An orc wizard (D:5)
  3 gnolls (D:2)
  4 adders
  4 dart slugs
  5 orcs
  9 bats
  5 endoplasms
  5 giant cockroaches
  6 goblins
  7 hobgoblins
  4 jackals (D:4)
  2 quokkas
  4 ball pythons
  3 frilled lizards
  8 kobolds
  6 rats
87 creatures vanquished.

Vanquished Creatures (collateral kills)
  A hound (D:5)
1 creature vanquished.

Grand Total: 88 creatures vanquished

Notes
Turn   | Place    | Note
-------+----------+-------------------------------------------
     0 | D:1      | jasper the Spriggan Shapeshifter began the quest for the
                  | Orb.
     0 | D:1      | Reached XP level 1. HP: 9/9 MP: 2/2
   181 | D:1      | Reached XP level 2. HP: 14/14 MP: 3/3
   278 | D:1      | Reached skill level 5 in Shapeshifting
   720 | D:1      | Reached XP level 3. HP: 17/17 MP: 4/4
  1111 | D:2      | Reached skill level 6 in Shapeshifting
  1155 | D:2      | Reached XP level 4. HP: 21/21 MP: 5/5
  1751 | D:3      | Found a runed translucent door.
  1752 | D:3      | Noticed DeathSocks's ghost (amateur MfGl)
  1752 | D:3      | Noticed a bullfrog
  1849 | D:3      | Found a runed translucent door.
  2214 | D:4      | Noticed a phantom
  2228 | D:4      | Killed a phantom
  2229 | D:4      | Reached skill level 7 in Shapeshifting
  2229 | D:4      | Reached skill level 1 in Fighting
  2229 | D:4      | Reached XP level 5. HP: 18/25 MP: 6/6
  2643 | D:4      | Noticed an ogre
  2820 | D:4      | Found a shimmering altar of Xom.
  2821 | D:4      | Found a burning altar of Makhleb.
  2866 | D:4      | Became a worshipper of Makhleb the Destroyer
  3008 | D:4      | Reached XP level 6. HP: 30/30 MP: 7/7
  3133 | D:5      | Entered Level 5 of the Dungeon
  3191 | D:5      | Reached skill level 8 in Shapeshifting
  3262 | D:5      | Identified the ring of Qapibb {rC+ Slay+3}
  3378 | D:5      | Noticed an ice beast
  3381 | D:5      | Reached skill level 9 in Shapeshifting
  3394 | D:5      | Killed an ice beast
  3395 | D:5      | Reached XP level 7. HP: 29/33 MP: 8/8
  3524 | D:5      | Reached skill level 10 in Shapeshifting
  3771 | D:5      | Slain by an ogre

Illustrated notes

Levels and vault maps discovered:
D:1:      orjb1_lava_funnel, layout_loops_ring, hangedman_decor_growths,
          minivault_11
D:2:      layout_rooms, solitary_fountain
D:3:      layout_basic, ebering_ghost_sewer_f, hangedman_decor_opposing,
          grunt_decor_arrowhead
D:4:      layout_layer_cave, grunt_temple_overflow_champion_of_chaos
D:5:      layout_basic, mainiacjoe_overflow_concentric_impassable, serial_shops,
          shop, chequers_serial_rivers_large_a

Skill      XL: |  1  2  3  4  5  6  7 |
---------------+----------------------+-----
Shapeshifting  | 5 6 7 9 10 | 10.3
Fighting       | 1 |  1.3
Dodging        | 3 |  3.3
Unarmed Combat | |  2.9

Action                     |  1- 3 |  4- 6 |  7- 9 || total
---------------------------+-------+-------+-------++-------
  Melee: Unarmed           |   118 |   105 |    33 ||   256
         Punch             |       |     4 |       ||     4
         Constrict         |       |       |     2 ||     2
  Throw: Stone             |     1 |     5 |       ||     6
    Use: Scroll            |     4 |    10 |       ||    14
   Stab: Sleeping          |     1 |     3 |       ||     4
         Distracted        |       |     1 |       ||     1
 Armour: Animal skin       |    43 |    25 |    11 ||    79
         Skin              |       |       |     6 ||     6
  Dodge: Dodged            |    73 |    64 |    19 ||   156
  Block: Other             |    12 |    20 |     7 ||    39
         Reflection        |     1 |       |       ||     1
   Form: Serpent           |       |       |     1 ||     1

Table legend: (Time is in decaauts)
 A = Elapsed time spent in this place.
 B = Non-inter-level travel time spent in this place.
 C = Inter-level travel time spent in this place.
 D = Time resting spent in this place.
 E = Time spent auto-exploring this place.
 F = Levels seen in this place.
 G = Mean time per level.
                   A        B        C        D        E       F      G
               +--------+--------+--------+--------+--------+-----+--------+
         Total |   2719 |   2675 |     44 |    417 |   1522 |   5 |  543.8 |
       Dungeon |   2719 |   2675 |     44 |    417 |   1522 |   5 |  543.8 |
               +--------+--------+--------+--------+--------+-----+--------+

Top non-repeatable levels by time:
     D:4: 861 daAuts
     D:2: 521 daAuts
     D:1: 508 daAuts
     D:5: 438 daAuts
     D:3: 390 daAuts
